 Dungeon Crawl Stone Soup version 0.25-a0-558-g78a2afb0af (webtiles) character file.

Game seed: 11500872557871175531, levelgen mode: deterministic

168 Gargoyl the Skirmisher (level 5, 0/46 HPs)
             Began as a Centaur Abyssal Knight on Feb 25, 2020.
             Was a Priest of Lugonu.
             Slain by a white imp (1 damage)
             ... summoned by Eustachio
             ... on level 4 of the Dungeon.
             The game lasted 00:04:31 (3040 turns).

Gargoyl the Skirmisher (Centaur Abyssal Knight)     Turns: 3040, Time: 00:04:32

Health: 0/46       AC: 12    Str: 14    XL:     5   Next: 23%
Magic:  7/7        EV:  8    Int: 11    God:    Lugonu [***...]
Gold:   166        SH:  0    Dex: 10    Spells: 4/4 levels left

rFire    . . .     SeeInvis .   a - +1 hand axe
rCold    . . .     Gourm    .   (no shield)
rNeg     . . .     Faith    .   h - +0 ring mail
rPois    .         Spirit   .   f - +0 helmet
rElec    .         Reflect  .   e - +1 cloak
rCorr    .         Harm     .   n - +1 pair of gloves {archery}
MR       .....                  (no barding)
Stlth    ..........             (no amulet)
HPRegen  0.15/turn              g - ring of flight
MPRegen  0.10/turn              m - +1 ring of protection

@: very quick
A: large, hooves 3, deformed body, speed 2, tough skin 3
a: Depart the Abyss, Bend Space, Banish, Renounce Religion, Evoke Flight


You were on level 4 of the Dungeon.
You worshipped Lugonu.
Lugonu was most pleased with you.
You were very hungry.

You visited 1 branch of the dungeon, and saw 4 of its levels.
You visited the Abyss 1 time.

You collected 166 gold pieces.

Inventory:

Hand Weapons
 a - a +1 hand axe (weapon)
Armour
 e - a +1 cloak (worn)
 f - a +0 helmet (worn)
 h - a +0 ring mail (worn)
 n - a +1 pair of gloves of archery (worn)
Jewellery
 g - a ring of flight (left hand)
 m - a +1 ring of protection (right hand)
Scrolls
 d - 2 scrolls of remove curse
 i - a scroll of magic mapping
 k - 2 scrolls of identify
Comestibles
 c - 8 rations


   Skills:
 + Level 3.6 Fighting
 + Level 2.9 Axes
 * Level 2.4 Armour
 * Level 1.5 Dodging
 * Level 2.9 Invocations


You had 4 spell levels left.
You didn't know any spells.
Your spell library was empty.

Dungeon Overview and Level Annotations

Branches:
Dungeon (4/15)
 Temple: D:4-7

Altars:
Okawaru
Uskayaw

Annotations:
D:4 Eustachio


Innate Abilities, Weirdness & Mutations

You have hooves in place of feet.
Armour fits poorly on your strangely shaped body.
You cover ground very quickly.
You have extremely tough skin. (AC +3)


Message History

Aim: Eustachio, wielding a +0 falchion and wearing a +0 leather armour (heavily wounded, chance to defeat MR: 81%)
You fail to use your ability.
The orc hits you but does no damage. Eustachio hits you but does no damage.
The river rat bites you but does no damage.
The white imp gestures at you. The puff of frost hits you.
* * * LOW HITPOINT WARNING * * *
Unknown command.
Press: ? - help, Shift-Dir - straight line, f/p - Eustachio
Aim: Eustachio, wielding a +0 falchion and wearing a +0 leather armour (heavily wounded, chance to defeat MR: 81%)
You fail to use your ability.
The orc barely misses you. Eustachio barely misses you.
The river rat bites you.
* * * LOW HITPOINT WARNING * * *
The white imp barely misses you.
Press: ? - help, Shift-Dir - straight line, f/p - Eustachio
Aim: Eustachio, wielding a +0 falchion and wearing a +0 leather armour (heavily wounded, chance to defeat MR: 81%)
You fail to use your ability.
The ufetubus disappears in a puff of smoke!
The white imp hits you.
You die...

#...#.........≈.#
#...#%.......#≈##
#...#........#≈#
#...#........#≈#
#...#........###
#...#........#
#...#......§.#
#.....r5o#
#......@5#
#.......@#
#........#
#........#
#........#
#........#
#........#
#........#


You could see Eustachio, a river rat, 2 white imps and an orc.

Vanquished Creatures
  2 orc wizards (D:3)
  2 adders
  4 worms
  A dart slug (D:2)
  3 leopard geckos
  8 orcs (D:3)
  2 ball pythons (D:1)
  3 giant cockroaches
  9 goblins
  4 hobgoblins
  4 jackals (D:3)
  2 quokkas (D:3)
  5 bats
  4 frilled lizards
  9 kobolds
  13 rats
75 creatures vanquished.

Notes
Turn   | Place    | Note
-------+----------+-------------------------------------------
     0 | Abyss:1  | Gargoyl the Centaur Abyssal Knight began the quest for the
                  | Orb.
     0 | Abyss:1  | Reached XP level 1. HP: 19/19 MP: 2/2
    45 | Abyss:1  | Noticed a balrug
   157 | Abyss:2  | Noticed a ynoxinul
   157 | Abyss:2  | Noticed an efreet
   168 | D:1      | Escaped the Abyss
   254 | D:1      | Reached * piety under Lugonu
   292 | D:1      | Reached XP level 2. HP: 23/26 MP: 3/3
   785 | D:2      | Found an iron altar of Okawaru.
   816 | D:2      | Reached skill level 1 in Dodging
   816 | D:2      | Reached XP level 3. HP: 25/31 MP: 4/4
   848 | D:2      | Reached ** piety under Lugonu
  1362 | D:2      | Found a hide-covered altar of Uskayaw.
  1389 | D:3      | Found a faded altar of an unknown god.
  1611 | D:3      | Reached XP level 4. HP: 33/38 MP: 5/5
  2399 | D:3      | Reached XP level 5. HP: 29/45 MP: 7/7
  2414 | D:3      | Reached *** piety under Lugonu
  2989 | D:4      | Noticed Eustachio
  3038 | D:4      | HP: 2/46 [white imp/puff of frost[Eustachio] (5)]
  3040 | D:4      | Slain by a white imp

Levels and vault maps discovered:
D:1:      minmay_arrival_hallway, layout_rooms, minmay_cut_off
D:2:      layout_rooms, nicolae_overflow_hidden_temple, first_ration
D:3:      minmay_octagon_keep, layout_basic, chequers_ecumenical_altar_island,
          chequers_mini_garden
D:4:      layout_gridville, chequers_serial_rivers_micro_a,
          hangedman_abyss_or_decor_stagger, minmay_manual_mandibuliform,
          uniq_eustachio

Skill      XL: |  1  2  3 |
---------------+----------+-----
Axes           | 2 |  2.9
Dodging        | 1 |  1.5
Armour         | 2 |  2.4
Fighting       | |  3.6
Invocations    | |  2.9

Action                   |  1- 3 |  4- 6 || total
-------------------------+-------+-------++-------
Melee: Hand axe          |   123 |   101 ||   224
       Kick              |    14 |    20 ||    34
Invok: Depart the Abyss  |     1 |       ||     1
  Use: Scroll            |     7 |     3 ||    10
       Potion            |     1 |     1 ||     2
  Eat: Chunk             |     1 |     3 ||     4
Armor: Leather armour    |    30 |       ||    30
       Ring mail         |    41 |    93 ||   134
Dodge: Dodged            |    61 |    71 ||   132

Table legend:
 A = Non-vault XP
 B = Vault XP
 C = Vault XP percentage of total XP
 D = Non-vault monster count
 E = Vault monster count
 F = Vault count percentage of total count
                 A         B        C        D         E       F
            +---------+---------+-------+---------+---------+-------
      Total |     215 |      25 |  10.4 |      62 |      13 |  17.3
            +---------+---------+-------+---------+---------+-------
        D:1 |      25 |       5 |  16.7 |      18 |       2 |  10.0
        D:2 |      39 |       0 |   0.0 |      15 |       0 |   0.0
        D:3 |     150 |      20 |  11.8 |      28 |      11 |  28.2
        D:4 |       1 |       0 |   0.0 |       1 |       0 |   0.0
            +---------+---------+-------+---------+---------+-------
